Map: [ESL] Royal Blood

Players

Cure

  • Race: Terran Terran

Spirit - Winner!

  • Race: Terran Terran

Event: IEM Katowice 2023

VOD

Have the link to the VOD?

Description

Time

  • Played on: Feb. 8, 2023, 12:52 p.m.
  • Length: 14:00

All games in this series

Show
View Real Time Build Order
Export as new Build Order

Cure Terran 

Build Orders:  

Get SALT Encoding   

  12  0:00  SCV  
  13  0:12  SCV  
  14  0:17  Supply Depot  
  14  0:24  SCV  
  15  0:38  SCV  
  15  0:39  Barracks  
  15  0:42  Refinery  
  16  0:51  SCV  
  16  0:52  Refinery  
  17  1:03  SCV  
  18  1:15  SCV  
  19  1:26  Barracks Reactor  
  19  1:27  Orbital Command  
  19  1:31  Supply Depot  
  19  1:41  Factory  
  19  1:52  SCV  
  20  2:02  Reaper x2  
  20  2:04  SCV  
  23  2:17  SCV  
  24  2:23  Command Center  
  24  2:28  Hellion  
  26  2:34  Reaper  
  26  2:35  Reaper  
  28  2:39  Supply Depot  
  28  2:41  SCV  
  29  2:49  Hellion  
  31  2:59  Starport  
  31  3:01  SCV  
  32  3:06  Reaper  
  32  3:07  Reaper  
  32  3:11  Hellion  
  36  3:13  SCV  
  37  3:25  SCV  
  36  3:37  SCV  
  36  3:44  Orbital Command  
  36  3:45  Marine x2, Factory Tech Lab, Starport Tech Lab  
  38  3:49  SCV  
  38  3:54  Refinery  
  39  4:01  SCV  
  38  4:04  Cyclone, Raven  
  38  4:05  Marine x2  
  45  4:13  SCV x2  
  46  4:24  Command Center  
  46  4:26  SCV x2  
  48  4:34  Supply Depot  
  48  4:38  Raven  
  48  4:40  Siege Tank  
  48  4:42  SCV  
  54  4:49  Supply Depot  
  54  4:56  Marine x2, SCV x2  
  54  4:58  Supply Depot  
  58  5:08  SCV x2  
  58  5:12  Siege Tank  
  58  5:13  Raven  
  58  5:14  Marine x2  
  67  5:20  SCV x2, Supply Depot  
  69  5:31  Marine x2, Barracks  
  69  5:32  Barracks  
  69  5:34  SCV  
  72  5:36  SCV  
  72  5:39  Orbital Command  
  73  5:45  Refinery  
  73  5:46  SCV  
  73  5:48  SCV  
  73  5:49  Siege Tank  
  78  5:56  Viking  
  80  5:58  Viking  
  80  6:00  SCV x2  
  80  6:02  Marine  
  85  6:06  Stimpack  
  86  6:11  SCV  
  86  6:12  SCV x2  
  88  6:19  Barracks Reactor x2  
  88  6:22  Supply Depot  
  88  6:23  Supply Depot  
  88  6:25  Marine  
  89  6:26  Viking, SCV x2  
  89  6:27  SCV  
  89  6:30  Viking  
  96  6:38  SCV x2  
  96  6:39  SCV  
  99  6:43  Marine  
  95  6:47  Siege Tank  
  95  6:52  SCV x3  
  85  6:57  Marine x4  
  85  6:58  Viking  
  85  7:00  Viking  
  85  7:01  Marine  
  83  7:04  Refinery  
  83  7:05  SCV x3, Refinery  
  86  7:12  Engineering Bay  
  86  7:13  Engineering Bay  
  86  7:16  Marine x4  
  86  7:17  SCV x3  
  86  7:20  Marine  
  86  7:22  Siege Tank  
  97  7:29  SCV x3  
  100  7:30  Medivac x2  
  100  7:35  Supply Depot  
  100  7:36  Supply Depot  
  104  7:39  Terran Infantry Armor Level 1, Terran Infantry Weapons Level 1  
  104  7:42  Marine x4  
  104  7:43  Marine  
  109  7:49  Combat Shield  
  109  7:51  Sensor Tower  
  109  7:57  Barracks  
  109  7:58  Siege Tank  
  109  7:59  Barracks  
  109  8:03  SCV x3  
  109  8:05  Missile Turret  
  115  8:12  Marine x5  
  119  8:19  SCV x3  
  72  8:27  Viking x2  
  121  8:30  Siege Tank  
  121  8:32  Supply Depot, Armory  
  121  8:33  Supply Depot  
  126  8:36  Marine x5  
  130  8:43  Command Center  
  130  8:45  Missile Turret  
  130  8:47  Barracks Reactor  
  130  8:48  Barracks Reactor  
  129  8:55  Marine x4  
  133  8:57  Missile Turret  
  133  8:59  Missile Turret  
  131  9:03  Siege Tank  
  131  9:04  SCV x3  
  136  9:10  Viking x2  
  136  9:14  Factory  
  140  9:18  Barracks Reactor  
  140  9:19  Marine x2  
  140  9:20  Marine x2  
  142  9:27  Terran Vehicle Weapons Level 1  
  142  9:30  SCV x3  
  145  9:34  Terran Infantry Weapons Level 2, Terran Infantry Armor Level 2  
  145  9:35  Supply Depot  
  145  9:36  Supply Depot  
  145  9:37  Marine x2  
  147  9:40  Viking  
  147  9:42  Marine  
  149  9:54  Marine x3, SCV x3, Sensor Tower, Viking, Siege Tank  
  158  10:01  Refinery  
  158  10:02  Refinery  
  158  10:06  SCV x3  
  159  10:16  Siege Tank, Viking  
  159  10:17  Refinery  
  159  10:18  SCV x3  
  159  10:19  Planetary Fortress  
  167  10:24  Viking  
  167  10:26  Siege Tank  
  171  10:30  SCV  
  170  10:36  Starport  
  170  10:37  Starport  
  170  10:39  Supply Depot x2  
  170  10:42  Command Center  
  170  10:45  Starport  
  170  10:46  SCV x3  
  170  10:48  Armory  
  173  10:52  Viking  
  173  10:54  Viking  
  173  10:56  Missile Turret  
  177  10:58  SCV x3  
  177  11:00  SCV  
  181  11:05  Refinery  
  181  11:08  Siege Tank  
  181  11:09  Siege Tank, Refinery  
  181  11:10  SCV x2  
  188  11:11  Sensor Tower  
  188  11:12  SCV x2  
  189  11:22  Starport Tech Lab x2, SCV  
  189  11:24  Starport Tech Lab, Terran Ship Weapons Level 1  
  189  11:28  Missile Turret  
  189  11:30  Missile Turret  
  186  11:39  Command Center  
  185  11:40  Command Center  
  185  11:41  Siege Tank x2  
  185  11:43  Command Center  
  189  11:52  Viking x2  
  189  11:53  Viking  
  189  11:54  Viking x2  
  199  11:59  Marine x6  
  199  12:01  Marine x4  
  167  12:17  Marine x6  
  167  12:22  Viking x2  
  155  12:23  SCV x4, Viking  
  155  12:25  Viking  
  144  12:32  Viking  
  144  12:35  SCV x3  
  143  12:40  Marine x4  
  133  12:52  Viking x2  
  133  12:58  SCV x3  
  140  13:03  Siege Tank  
  143  13:06  Orbital Command  
  143  13:10  Orbital Command  
  132  13:15  SCV x3  
  132  13:19  Siege Tank  
  119  13:21  SCV x2  
  119  13:26  Marine x3  
  115  13:29  Marine x3  
  113  13:34  SCV x2  
  113  13:35  SCV  
  113  13:38  SCV x2  
  117  13:42  Marine  
Show
View Real Time Build Order
Export as new Build Order

Spirit Terran - Winner!

Build Orders: Reaper Expand 

Get SALT Encoding   

  12  0:00  SCV  
  13  0:13  SCV  
  14  0:16  Supply Depot  
  14  0:25  SCV  
  15  0:38  SCV  
  15  0:41  Barracks  
  16  0:44  Refinery  
  16  0:50  SCV  
  17  1:02  SCV  
  18  1:14  SCV  
  19  1:28  Orbital Command, Reaper  
  20  1:38  Command Center  
  20  1:47  Supply Depot  
  20  1:53  SCV  
  21  2:00  Marine  
  22  2:05  SCV  
  22  2:06  Factory  
  23  2:11  Refinery  
  23  2:17  SCV  
  23  2:19  Bunker  
  23  2:22  Barracks Reactor  
  24  2:29  SCV  
  25  2:42  SCV  
  26  2:50  Hellion  
  28  2:51  Orbital Command, Starport  
  28  2:54  SCV  
  29  2:58  Marine x2  
  31  3:07  SCV  
  31  3:08  Supply Depot  
  32  3:13  Factory Tech Lab  
  32  3:16  Marine  
  32  3:19  Marine, SCV x2  
  36  3:27  Starport Tech Lab  
  36  3:31  SCV  
  40  3:34  Marine, Cyclone  
  40  3:37  Marine  
  40  3:38  SCV  
  42  3:43  SCV  
  43  3:49  Raven  
  43  3:50  SCV  
  43  3:55  SCV  
  48  4:01  Supply Depot  
  48  4:02  SCV  
  49  4:06  Command Center  
  49  4:09  SCV  
  49  4:14  SCV  
  49  4:15  Siege Tank  
  51  4:21  SCV  
  52  4:26  SCV  
  53  4:33  Barracks, SCV, Starport Reactor  
  53  4:34  Stimpack  
  53  4:36  Barracks  
  53  4:38  SCV  
  55  4:43  Supply Depot  
  55  4:45  SCV  
  56  4:46  Refinery  
  56  4:48  Refinery  
  56  4:50  SCV  
  57  4:57  Siege Tank, SCV  
  61  5:01  Engineering Bay  
  61  5:02  SCV  
  61  5:03  Engineering Bay  
  61  5:06  Supply Depot  
  62  5:09  SCV  
  63  5:14  SCV  
  63  5:15  Marine  
  63  5:17  Starport Reactor  
  65  5:21  Marine x2, SCV  
  65  5:24  Orbital Command  
  65  5:26  SCV  
  69  5:28  Terran Infantry Weapons Level 1  
  69  5:29  Supply Depot  
  69  5:30  Terran Infantry Armor Level 1  
  69  5:32  Marine  
  70  5:36  SCV  
  70  5:38  Marine, Missile Turret  
  70  5:39  Marine  
  70  5:41  SCV  
  74  5:45  Siege Tank  
  74  5:47  Marine x2  
  74  5:49  SCV  
  80  5:50  Orbital Command  
  80  5:54  Marine  
  80  5:56  Marine, Supply Depot  
  82  5:57  Marine  
  82  6:01  SCV  
  84  6:04  Marine  
  84  6:05  Marine  
  84  6:07  SCV  
  84  6:08  Medivac x2  
  91  6:12  Marine  
  91  6:13  Marine, SCV  
  91  6:15  Marine  
  91  6:16  SCV  
  96  6:19  SCV  
  96  6:22  Marine x2  
  96  6:23  Supply Depot  
  96  6:25  Siege Tank, SCV, Supply Depot  
  103  6:28  SCV  
  103  6:29  Marine  
  103  6:31  Marine, SCV  
  103  6:32  Marine  
  107  6:33  Combat Shield  
  108  6:40  Marine  
  108  6:45  Marine, SCV  
  107  6:47  Marine  
  107  6:48  SCV  
  107  6:49  Marine  
  105  6:57  Siege Tank  
  105  6:58  Marine  
  105  7:02  Marine, Barracks  
  105  7:04  Barracks, SCV  
  105  7:05  SCV, Armory  
  105  7:07  Medivac x2  
  111  7:09  SCV  
  111  7:13  Command Center, Refinery  
  111  7:14  Marine  
  111  7:15  Refinery  
  113  7:16  Marine x2, SCV  
  113  7:19  Marine, SCV  
  118  7:25  SCV  
  118  7:26  Sensor Tower  
  118  7:28  Marine, SCV  
  121  7:31  Marine  
  121  7:32  SCV, Supply Depot  
  121  7:36  Marine  
  124  7:38  SCV  
  124  7:41  Starport  
  124  7:42  Starport  
  125  7:50  Supply Depot  
  125  7:51  Supply Depot  
  125  7:52  Supply Depot  
  125  7:53  Marine x2  
  125  7:54  Supply Depot, Barracks Reactor x2  
  125  7:57  Terran Infantry Weapons Level 2  
  127  8:02  Terran Infantry Armor Level 2, Refinery  
  127  8:03  Terran Vehicle Weapons Level 1, Refinery  
  127  8:04  Marine  
  128  8:06  Marine  
  128  8:08  SCV x3  
  132  8:19  Starport Reactor  
  132  8:20  SCV, Supply Depot, Starport Reactor  
  132  8:22  Siege Tank  
  132  8:23  Marine, SCV  
  132  8:24  Marine  
  132  8:26  Sensor Tower  
  138  8:31  Viking  
  138  8:32  Viking  
  142  8:38  Planetary Fortress  
  142  8:39  SCV x3  
  145  8:49  Armory  
  145  8:51  SCV, Fusion Core  
  145  8:56  Command Center, SCV  
  145  9:00  Viking x2  
  150  9:04  Viking  
  150  9:06  Siege Tank  
  150  9:09  Marine x8  
  163  9:10  Viking  
  163  9:15  Factory  
  163  9:16  SCV  
  166  9:28  Command Center  
  166  9:30  Viking x2  
  166  9:31  Viking  
  172  9:33  Viking  
  172  9:37  Viking  
  176  9:39  Terran Vehicle And Ship Armor Level 1  
  176  9:42  Advanced Ballistics  
  173  9:52  Viking  
  174  9:54  Command Center  
  174  9:59  Terran Vehicle Weapons Level 2  
  174  10:00  Factory Tech Lab  
  174  10:05  Bunker, Missile Turret  
  174  10:08  Siege Tank, Missile Turret  
  174  10:09  Missile Turret  
  173  10:25  Refinery  
  173  10:26  Liberator  
  173  10:27  Liberator  
  179  10:28  Sensor Tower, Refinery, Missile Turret  
  179  10:29  Liberator  
  179  10:34  Siege Tank  
  185  10:35  Planetary Fortress  
  185  10:39  Smart Servos  
  185  10:46  Command Center  
  185  10:47  Missile Turret x3  
  185  10:48  Missile Turret  
  185  10:53  Terran Infantry Weapons Level 3  
  185  11:04  Terran Infantry Armor Level 3  
  185  11:10  Orbital Command  
  183  11:12  Viking x2  
  183  11:14  Command Center  
  187  11:20  Liberator  
  187  11:24  Siege Tank x2, Orbital Command  
  196  11:27  Sensor Tower  
  195  11:32  Liberator  
  198  11:42  Marine  
  198  11:47  Viking  
  197  11:55  Terran Ship Weapons Level 1  
  197  11:56  Liberator  
  197  11:58  Marine x4  
  198  12:02  Marine, Viking x2  
  198  12:06  Marine x3  
  198  12:07  Viking  
  199  12:11  Marine  
  200  12:19  Marine  
  200  12:21  Marine  
  196  12:25  Viking  
  196  12:28  Siege Tank  
  190  12:30  Marine x6  
  190  12:33  Viking  
  198  12:38  Command Center  
  198  12:39  Siege Tank  
  198  12:40  Viking  
  194  12:48  Viking  
  194  12:51  Viking x2  
  190  12:52  Marine x5  
  190  12:55  Viking  
  196  12:58  Marine x3  
  196  13:07  Viking  
  196  13:11  Marine  
  197  13:14  Starport  
  197  13:15  Marine  
  197  13:16  Starport  
  197  13:18  Viking, Starport  
  197  13:19  Marine  
  189  13:20  Marine  
  189  13:22  Marine  
  189  13:24  Viking  
  189  13:25  Marine  
  185  13:29  Marine  
  186  13:34  Marine  
  189  13:41  Marine  

Tags
 
Add a new tag
Caveats
  • Supply blocks, unpowered buildings, or Contaminate may cause inaccurate times.
  • Supply counts are checked every 10 seconds.